 Dungeon Crawl Stone Soup version 0.18-a0-888-gdb73dea (webtiles) character file.

91031 Nakatomy the Severer (level 15, -7/135 HPs)
             Began as a Minotaur Fighter on Dec 23, 2015.
             Was a High Priest of Okawaru.
             Mangled by a bone dragon (10 damage)
             ... on level 2 of the Abyss.
             The game lasted 02:27:56 (25252 turns).

Nakatomy the Severer (Minotaur Fighter)            Turns: 25252, Time: 02:27:56

Health: -7/135     AC: 26    Str: 26      XL:     15   Next: 53%
Magic:  12/12      EV:  6    Int:  3      God:    Okawaru [*****.]
Gold:   1658       SH: 12    Dex: 10 (11) Spells: 0 memorised, 14 levels left

rFire  + + .     SeeInvis +     B - +1 broad axe of Extermination {elec, Fragile rPois MR+ Stlth+}
rCold  x x .     Gourm    .     V - +1 plate armour
rNeg   . . .     Faith    .     X - +2 shield {AC+3}
rPois  +         Spirit   .     r - +1 hat {SInv}
rElec  .         Dismiss  .     w - +0 cloak
rCorr  .         Reflect  .     C - +2 pair of gloves
SustAt .         Harm     .     d - +1 pair of boots
MR     ++...                    A - amulet of regeneration
Stlth  ..........               J - ring of fire
                                Z - ring of fire

@: about to teleport, very slightly contaminated, very resistant to hostile
enchantments, extremely unstealthy
A: retaliatory headbutt, horns 2, blurry vision 3, deformed body, deterioration
1, dopey 1, frail 1, low mp 1, screaming 1, slow regeneration 1, no device heal
1, MP-powered wands
a: Heroism, Finesse, Renounce Religion


You were on level 2 of the Abyss.
You worshipped Okawaru.
Okawaru was extremely pleased with you.
You were not hungry.

You visited 4 branches of the dungeon, and saw 24 of its levels.
You visited the Abyss 1 time.

You collected 1728 gold pieces.
You spent 70 gold pieces at shops.

Inventory:

Hand Weapons
 c - a +1 battleaxe of electrocution
 B - the +1 broad axe of Extermination (weapon) {elec, Fragile rPois MR+ Stlth+}
   (Okawaru gifted it to you on level 4 of the Lair of Beasts)

   Occasionally, upon striking a foe, it will discharge some electrical energy
   and cause terrible harm.
   It protects you from poison.
   It affects your resistance to hostile enchantments.
   It will be destroyed if unequipped.
   It makes you more stealthy.
 S - the +7 battleaxe of Prudence {freeze, rC+}
   (Okawaru gifted it to you on level 6 of the Lair of Beasts)

   It has been specially enchanted to freeze those struck by it, causing extra
   injury to most foes and up to half again as much damage against particularly
   susceptible opponents.
   It can also slow down cold-blooded creatures.
   It protects you from cold.
Armour
 d - a +1 pair of boots (worn)
 r - a +1 hat of see invisible (worn)
 w - a +0 cloak (worn)
 C - a +2 pair of gloves (worn)
 I - a +0 pair of boots of stealth
 V - a +1 plate armour (worn)
 X - a +2 shield of protection (worn)
Jewellery
 a - an uncursed ring of ice
 g - an uncursed ring of protection from cold {unknown}
 x - a +3 amulet of reflection
 A - an amulet of regeneration (around neck)
 H - an uncursed ring of see invisible {unknown}
 J - a ring of fire (right hand)
 K - an uncursed amulet of regeneration
 L - an uncursed ring of wizardry {unknown}
 Z - a ring of fire (left hand)
Wands
 y - a wand of heal wounds (9/9)
 F - a wand of paralysis (14/24)
 Y - a wand of heal wounds (5/9)
Scrolls
 l - 6 scrolls of teleportation
 n - 13 scrolls of identify
 q - a scroll of enchant weapon
 u - 9 scrolls of remove curse
 v - 2 scrolls of holy word
 E - a scroll of blinking
 O - 4 scrolls of magic mapping
 P - 3 scrolls of enchant armour
Potions
 f - a potion of invisibility {unknown}
 h - a potion of brilliance
 j - a potion of cancellation {unknown}
 m - 2 potions of lignification {unknown}
 o - a potion of poison {unknown}
 s - 4 potions of haste {unknown}
 z - a potion of agility
 G - a potion of mutation {unknown}
Books
 e - a book of Enchantments

   Spells                             Type                      Level
   a - Cause Fear                     Hexes                        4
   b - Yara's Violent Unravelling     Hexes/Transmutation          5
   c - Silence                        Hexes/Air                    5
   d - Deflect Missiles               Charms/Air                   6
   e - Haste                          Charms                       6
   f - Discord                        Hexes                        8
 t - a book of Clouds

   Spells                             Type                      Level
   a - Mephitic Cloud                 Conjuration/Poison/Air       3
   b - Conjure Flame                  Conjuration/Fire             3
   c - Poisonous Cloud                Conjuration/Poison/Air       6
   d - Freezing Cloud                 Conjuration/Ice/Air          6
   e - Ring of Flames                 Charms/Fire                  7
Comestibles
 b - 12 meat rations
 i - a slice of pizza
 p - 7 bread rations
 D - 14 fruits
 Q - 2 beef jerkies


   Skills:
 + Level 18.3 Fighting
 + Level 18.5 Axes
 + Level 18.2 Armour
 - Level 3.7 Shields


You had 14 spell levels left.
You didn't know any spells.

Dungeon Overview and Level Annotations

Branches:
Dungeon (13/15)            Temple (1/1) D:5            Lair (8/8) D:9
 Shoals (0/4) Lair:6       Spider (0/4) Lair:3        Slime (0/6) Lair:6
    Orc (2/2) D:10            Elf (0/3) Orc:2
 Vaults: D:13-14

Altars:
Ashenzari
Cheibriados
Dithmenos
Elyvilon
Fedhas
Gozag
Kikubaaqudgha
Makhleb
Nemelex Xobeh
Okawaru
Pakellas
Qazlal
Ru
Sif Muna
Trog
Vehumet
Xom
Yredelemnul
Zin
The Shining One
Beogh

Shops:
D:4 ?   D:7 ?   D:10 !

Annotations:
D:6 1 exclusion
D:7 Joseph
D:8 exclusion: upstairs
D:10 2 exclusions
Lair:5 1 exclusion


Innate Abilities, Weirdness & Mutations

You reflexively headbutt those who attack you in melee.
You have a pair of horns on your head.
You are dopey. (Int -2)
Your magical capacity is low (-10% MP).
You regenerate slowly when monsters are visible.
[Scrolls take you much longer to read.]
[Armour fits poorly on your strangely shaped body.]
[Your body sometimes deteriorates upon taking damage.]
[You are frail (-10% HP).]
[You occasionally shout uncontrollably at your foes.]
[Potions and wands are less effective at restoring your health.]
[You expend magic power (3 MP) to strengthen your wands.]


Message History

Your shield and plate armour prevent you from hitting the bone dragon.
You barely miss the wretched star.
The wretched star is lightly damaged.
You block the thrashing horror's attack.
The thrashing horror tramples you.
* * * LOW HITPOINT WARNING * * *
You hold your ground!
The thrashing horror tramples you but does no damage. x2
Unknown command.
Drink which item? (? for menu, Esc to quit)
Okay, then.
Unknown command.
Unknown command.
Read which item? (? for menu, Esc to quit)
Really read with blurry vision while enemies are nearby?
Keep reading the scroll?
The tentacled starspawn bites you but does no damage.
The tentacled starspawn engulfs you but does no damage.
The bone dragon barely misses you. The bone dragon claws you!
You die...

# . ..X #..## .#
. #......#. ##
### S# ## . X#
#### +ยง .# #G.5#
. # .* . . .' .#
#...# . '# #...
.X## # ..########
.... .. #...D@##
X.
#.#..#X#..*XX#.#
....
#...#G#.Xww##
....####.#......#
#.....#
...#....#.# #.
###############
#. .


You could see a bone dragon, a starcursed mass, a tentacled starspawn, a
wretched star, a shining eye, 2 thrashing horrors and 2 starspawn tentacles.

Vanquished Creatures
  A bone dragon (Abyss:2)
  A tentacled starspawn (Abyss:2)
  Maud (Lair:4)
  A red draconian (Abyss:2)
  The ghost of UristMcMason the Basher, a journeyman HuFi of Makhleb (Lair:5)
  A dire elephant (Lair:8)
  Josephine (Lair:5)
  3 hydras
  A rakshasa (Abyss:2)
  An ogre mage (Orc:2)
  2 catoblepae
  9 death yaks
  A deep troll shaman (Lair:8)
  The ghost of hackum the Grappler, a journeyman VSMo of Makhleb (Orc:1)
  A sun demon (Abyss:2)
  A wretched star (Abyss:2)
  2 unseen horrors (Abyss:2)
  A shadow demon (Abyss:2)
  A hill giant (D:10)
  3 griffons
  A manticore (Lair:6)
  2 ugly things
  A worldbinder (Abyss:2)
  A cyclops (D:11)
  A sixfirhy (Abyss:2)
  6 black mambas
  13 elephants
  5 large abominations (Abyss:2)
  2 smoke demons (Abyss:2)
  13 spiny frogs
  An orange demon (Abyss:2)
  7 komodo dragons
  2 hellwings (Abyss:2)
  4 trolls
  2 fire drakes
  2 polar bears
  3 two-headed ogres
  2 ancient zymes (Abyss:2)
  Grinder (D:3)
  39 blink frogs
  3 raiju (Abyss:2)
  14 slime creatures
  6 small abominations (Abyss:2)
  A trapdoor spider (D:11)
  A fire elemental (Lair:2)
  4 wraiths
  A tarantella (Lair:3)
  75 yaks
  4 basilisks
  Grum (D:8)
  A chaos spawn (Abyss:2)
  A steam dragon (D:11)
  Menkaure (D:7)
  2 neqoxecs (Abyss:2)
  16 hippogriffs
  30 wolves
  18 porcupines
  21 water moccasins
  A sky beast (D:7)
  4 phantoms
  4 black bears
  2 necrophages
  14 orc warriors
  2 ice beasts
  12 ogres
  13 centaurs
  9 big kobolds
  9 crocodiles
  10 gnoll sergeants (D:10)
  A wyvern zombie (D:10)
  16 giant frogs
  A water moccasin zombie (D:9)
  21 killer bees
  6 scorpions
  4 wights (D:11)
  6 crimson imps
  6 electric eels
  2 giant frog zombies
  7 orc priests
  10 starcursed masses (Abyss:2)
  A centaur zombie (D:9)
  6 hounds
  2 giant frog skeletons
  4 quasits
  Crazy Yiuf (D:2)
  2 centaur skeletons
  An iron imp (Abyss:2)
  A jelly (D:11)
  7 iguanas
  15 orc wizards
  7 worker ants
  8 sheep
  A hound zombie (D:10)
  5 gnolls
  12 adders
  3 white imps (Abyss:2)
  100 river rats
  2 shadow imps (D:10)
  An ooze (D:5)
  An adder zombie (D:5)
  2 worms (D:2)
  An adder skeleton (D:5)
  4 giant geckos
  59 orcs
  14 bats
  8 giant cockroaches
  9 hobgoblins
  15 jackals
  7 quokkas
  3 ball pythons
  A giant gecko skeleton (D:5)
  4 giant newts
  6 goblins
  A jackal skeleton (D:4)
  A jackal zombie (D:5)
  47 kobolds
  2 quokka skeletons
  A quokka zombie (D:6)
  14 rats
  A bush (Lair:3)
  A butterfly (D:7)
  26 fungi
  7 plants
  3 starspawn tentacles (Abyss:2)
919 creatures vanquished.

Vanquished Creatures (others)
  A centaur (D:11)
  24 fungi
  12 plants
  7 starspawn tentacles (Abyss:2)
  101 starspawn tentacle segments (Abyss:2)
145 creatures vanquished.

Grand Total: 1064 creatures vanquished

Notes
Turn   | Place    | Note
--------------------------------------------------------------
     0 | D:1      | Nakatomy the Minotaur Fighter began the quest for the Orb.
     0 | D:1      | Reached XP level 1. HP: 19/19 MP: 0/0
   154 | D:1      | Reached XP level 2. HP: 27/27 MP: 1/1
   274 | D:1      | Reached skill level 4 in Axes
   344 | D:1      | Reached XP level 3. HP: 33/33 MP: 2/2
  1135 | D:2      | Reached skill level 5 in Axes
  1441 | D:2      | Noticed Crazy Yiuf
  1449 | D:2      | Killed Crazy Yiuf
  1449 | D:2      | Reached XP level 4. HP: 40/40 MP: 3/3
  1573 | D:3      | Noticed Grinder
  1612 | D:3      | Killed Grinder
  1612 | D:3      | Reached skill level 7 in Axes
  1612 | D:3      | Reached XP level 5. HP: 23/46 MP: 4/4
  1612 | D:3      | Reached XP level 6. HP: 26/52 MP: 5/5
  2048 | D:3      | Found a shattered altar of Ashenzari.
  2050 | D:3      | Found a burning altar of Makhleb.
  2058 | D:3      | Found a deep blue altar of Sif Muna.
  2171 | D:3      | Reached skill level 8 in Axes
  2690 | D:4      | Reached skill level 9 in Axes
  2761 | D:4      | Found Ethepil's Magic Scroll Shop.
  2847 | D:4      | Reached XP level 7. HP: 58/58 MP: 6/6
  3318 | D:5      | Entered Level 5 of the Dungeon
  3353 | D:5      | Reached skill level 10 in Axes
  3565 | D:5      | Found a glowing golden altar of the Shining One.
  3640 | D:5      | Found a staircase to the Ecumenical Temple.
  3646 | Temple   | Entered the Ecumenical Temple
  3669 | Temple   | Became a worshipper of Warmaster Okawaru
  3865 | D:5      | Reached skill level 11 in Axes
  3970 | D:5      | Reached XP level 8. HP: 63/66 MP: 7/7
  4416 | D:6      | Reached skill level 5 in Fighting
  4550 | D:6      | Reached skill level 5 in Armour
  4585 | D:6      | Reached * piety under Okawaru
  4700 | D:6      | Found a bloodstained altar of Trog.
  4701 | D:6      | Found a white marble altar of Elyvilon.
  4703 | D:6      | Identified Sif Muna's Grimoire of Curses
  4780 | D:6      | Found a shadowy altar of Dithmenos.
  5657 | D:6      | Reached ** piety under Okawaru
  5657 | D:6      | Reached XP level 9. HP: 76/79 MP: 8/8
  6050 | D:7      | Found a shimmering altar of Xom.
  6402 | D:7      | Noticed Menkaure
  6417 | D:7      | Killed Menkaure
  6932 | D:7      | Reached *** piety under Okawaru
  7032 | D:7      | Found Jotwyet's Magic Scroll Shoppe.
  7188 | D:7      | Noticed Joseph
  7554 | D:8      | Noticed Grum
  7570 | D:8      | Reached skill level 10 in Armour
  7594 | D:8      | Reached XP level 10. HP: 73/93 MP: 6/9
  7600 | D:8      | Killed Grum
  7600 | D:8      | Reached skill level 10 in Fighting
  7662 | D:8      | Received a gift from Okawaru
  8039 | D:8      | Reached **** piety under Okawaru
  8072 | D:8      | Noticed a three-headed hydra
  8777 | D:8      | Noticed a cyclops
  9075 | D:9      | Found a staircase to the Lair.
  9598 | D:10     | Entered Level 10 of the Dungeon
  9716 | D:10     | Found Vugaesuq's Distillery.
  9724 | D:10     | Bought a potion of heal wounds for 70 gold pieces
  9747 | D:10     | Noticed a hill giant
  9774 | D:10     | Killed a hill giant
  9774 | D:10     | Reached ***** piety under Okawaru
 10035 | D:10     | Reached skill level 12 in Fighting
 10089 | D:10     | Found a deep blue altar of Sif Muna.
 10252 | D:10     | Reached XP level 11. HP: 104/104 MP: 10/10
 11011 | Lair:1   | Entered Level 1 of the Lair of Beasts
 11257 | Lair:1   | Received a gift from Okawaru
 11589 | Lair:1   | Reached skill level 13 in Fighting
 12309 | Lair:1   | Noticed a seven-headed hydra
 12866 | Lair:2   | Reached XP level 12. HP: 104/115 MP: 11/11
 13028 | Lair:2   | Noticed a seven-headed hydra
 13361 | Lair:4   | Received a gift from Okawaru
 13367 | Lair:4   | Got a transparent broad axe {god gift}
 13368 | Lair:4   | Identified the +1 broad axe of Extermination {elec, Fragile rPois MR+ Stlth+} (Okawaru gifted it to you on level 4 of the Lair of Beasts)
 13403 | Lair:4   | Noticed Maud
 13416 | Lair:4   | Reached skill level 14 in Fighting
 13422 | Lair:4   | Killed Maud
 13599 | Lair:4   | Reached ****** piety under Okawaru
 13995 | Lair:4   | Received a gift from Okawaru
 14046 | Lair:4   | Noticed a catoblepas
 14063 | Lair:4   | Killed a catoblepas
 14507 | Lair:4   | Noticed a seven-headed hydra
 14627 | Lair:5   | Reached skill level 15 in Fighting
 14736 | Lair:5   | Noticed Josephine
 14749 | Lair:5   | Reached XP level 13. HP: 126/126 MP: 12/12
 14752 | Lair:5   | Killed Josephine
 14822 | Lair:5   | Noticed UristMcMason's ghost (journeyman HuFi)
 14832 | Lair:5   | Killed UristMcMason's ghost
 14832 | Lair:5   | Reached skill level 15 in Axes
 14832 | Lair:5   | Reached skill level 15 in Armour
 14901 | Lair:5   | Received a gift from Okawaru
 16090 | Lair:6   | Found a staircase to the Shoals.
 16276 | Lair:6   | Received a gift from Okawaru
 16304 | Lair:6   | Got a slimy battleaxe {god gift}
 16305 | Lair:6   | Identified the +7 battleaxe of Prudence {freeze, rC+} (Okawaru gifted it to you on level 6 of the Lair of Beasts)
 16465 | Lair:6   | Found a staircase to the Slime Pits.
 17009 | Lair:3   | Reached skill level 16 in Fighting
 17582 | Lair:3   | Received a gift from Okawaru
 17986 | Lair:3   | Found a hole to the Spider Nest.
 18353 | Lair:4   | Reached XP level 14. HP: 100/138 MP: 10/13
 19229 | Lair:8   | Entered Level 8 of the Lair of Beasts
 19387 | Lair:8   | Received a gift from Okawaru
 19977 | Lair:8   | Reached skill level 17 in Axes
 20887 | Lair:5   | Received a gift from Okawaru
 20890 | Lair:5   | Got a smoking scale mail {god gift}
 20901 | Lair:5   | Identified the +1 scale mail "Ximp" {Str+4 SInv} (Okawaru gifted it to you on level 5 of the Lair of Beasts)
 22939 | D:12     | Reached XP level 15. HP: 147/147 MP: 14/14
 23269 | D:10     | Found a staircase to the Orcish Mines.
 23484 | Orc:1    | Entered Level 1 of the Orcish Mines
 23646 | Orc:1    | Noticed hackum's ghost (journeyman VSMo)
 23671 | Orc:1    | Killed hackum's ghost
 23955 | Orc:2    | Entered Level 2 of the Orcish Mines
 23989 | Orc:2    | Found a roughly hewn altar of Beogh.
 23993 | Orc:2    | Found a staircase to the Elven Halls.
 24100 | Orc:2    | Cast into level 2 of the Abyss (an ogre mage)
 24149 | Abyss:2  | Reached skill level 18 in Axes
 24219 | Abyss:2  | Gained mutation: You regenerate slowly when monsters are visible. [a neqoxec]
 24424 | Abyss:2  | Noticed a tentacled starspawn
 24745 | Abyss:2  | Noticed a tentacled starspawn
 24885 | Abyss:2  | Noticed a tentacled starspawn
 24897 | Abyss:2  | Killed a tentacled starspawn
 24935 | Abyss:2  | Gained mutation: Your magical capacity is low (-10% MP). [a neqoxec]
 24944 | Abyss:2  | Noticed a bone dragon
 24966 | Abyss:2  | Killed a bone dragon
 24988 | Abyss:2  | Received a gift from Okawaru
 25235 | Abyss:2  | Noticed a bone dragon
 25236 | Abyss:2  | Gained mutation: You are dopey. (Int -2) [a shining eye]
 25244 | Abyss:2  | Noticed a tentacled starspawn
 25246 | Abyss:2  | Noticed a tentacled starspawn
 25249 | Abyss:2  | Noticed a tentacled starspawn
 25250 | Abyss:2  | HP: 5/135 [tentacled starspawn (14)]
 25252 | Abyss:2  | Mangled by a bone dragon

Vault maps used:
D:1:      lightli_arrival_windingriver, fountainhead, minmay_misc_feat_x
D:2:      minmay_misc_feat_encased, uniq_crazy_yiuf_cottage
D:3:      grunt_temple_overflow_diamond, uniq_grinder
D:4:      serial_shops, nicolae_shop_statue_plus
D:5:      lemuel_coloured_pillars_altar, minmay_temple_entry_hall, first_bread
D:6:      minmay_goblin_kobold_castle, marbit_many_paths,
          gammafunk_temple_overflow_statue
D:7:      xom_butterflies, serial_shops, shop, uniq_prince_ribbit1, uniq_joseph,
          uniq_menkaure
D:8:      kennysheep_windowed_halls, hangedman_ranch, uniq_grum
D:9:      grunt_lair_entry_orc_guard_hut
D:10:     kennysheep_orc_monster_closet_entryway, basic_altar, serial_shops,
          shop
D:13:     minmay_quarter_circles, david_vaults_4
Temple:   circular_temple_12
Lair:1:   lab_entry_generic, minivault_25, grunt_forest_small_clearing_treed
Lair:3:   spider_nest_entry_rubble, nicolae_quartered_pool_super
Lair:4:   lemuel_fruit_fields, serial_bayou_shore_a, grunt_megastairs_3,
          uniq_maud
Lair:5:   serial_bayou, serial_bayou_lagoon_b, serial_bayou_pond_c,
          serial_bayou_crossing, serial_bayou_lagoon_a, serial_bayou_pond_d,
          hangedman_lair_generics_rect, uniq_josephine
Lair:6:   minmay_shoals_entry_beasts, slime_dummy, wad_woods_road_04
Lair:8:   grunt_lair_end_beastmaster, st_stairs_7
Orc:1:    serial_shops, nicolae_shop_trees, nicolae_orc_crystal_geode
Orc:2:    st_orc_ogre_mass, basic_altar, uniq_saint_roka
Abyss:2:  abyss_exit_lava

Action                   |  1- 3 |  4- 6 |  7- 9 | 10-12 | 13-15 || total
-------------------------+-------+-------+-------+-------+-------++-------
Melee: War axe           |   111 |   127 |   434 |   652 |       ||  1324
       Broad axe         |       |       |       |   156 |  1152 ||  1308
Throw: Stone             |    16 |     6 |     9 |     4 |     1 ||    36
Invok: Heroism           |       |       |     1 |     4 |    12 ||    17
  Use: Scroll            |       |       |       |     5 |    15 ||    20
       Potion            |       |       |       |     1 |    12 ||    13
 Stab: Petrifying        |       |       |       |       |     2 ||     2
       Petrified         |       |       |       |       |     2 ||     2
  Eat: Chunk             |     2 |     4 |    16 |    24 |    22 ||    68
       Fruit             |       |       |       |       |     5 ||     5
       Meat ration       |       |       |       |       |     2 ||     2
